 Dungeon Sprint DCSS version 0.21.0-37-g46506fa (webtiles) character file.

620 groucho the Unseen (level 7, -12/41 HPs)
             Began as a Tengu Berserker on Jan 30, 2018.
             Was a Believer of Trog.
             Mangled by a centaur warrior (13 damage)
             ... in the Dungeon (Sprint I: "Red Sonja").
             The game lasted 00:01:39 (466 turns).

groucho the Unseen (Tengu Berserker)                 Turns: 466, Time: 00:01:40

Health: -12/41     AC:  2    Str: 18    XL:     7   Next: 46%
Magic:  8/8        EV: 13    Int:  7    God:    Trog [**....]
Gold:   405        SH:  0    Dex: 15    Spells: 6/6 levels left

rFire    . . .     SeeInvis .   a - +0 short sword
rCold    . . .     Gourm    .   (no shield)
rNeg     . . .     Faith    .   b - +0 animal skin
rPois    .         Spirit   .   (helmet restricted)
rElec    .         Reflect  .   (no cloak)
rCorr    .         Harm     .   (no gloves)
MR       ++...     NoTele   +   (boots unavailable)
Stlth    ++++++....             (no amulet)
HPRegen  1.13/turn              (no ring)
MPRegen  0.11/turn              (no ring)

@: very slightly contaminated, regenerating
A: beak, talons 3, able to fly 1
a: Fly, Berserk, Trog's Hand, Burn Spellbooks, Renounce Religion


You were in the Dungeon.
You worshipped Trog.
Trog was pleased with you.
You were not hungry.

You visited 1 branch You collected 405 gold pieces.

Inventory:

Hand Weapons
 a - a +0 short sword (weapon)
Armour
 b - a +0 animal skin (worn)
Wands
 j - a wand of polymorph (13)
Potions
 d - a potion of curing
 e - a potion of heal wounds
 f - a potion of haste
 g - 2 potions of magic
 h - a potion of berserk rage
 k - a potion of mutation {unknown}
Comestibles
 c - 5 chunks of flesh


   Skills:
 - Level 3.0 Fighting
 - Level 3.2 Short Blades
 - Level 2.1 Armour
 - Level 2.1 Dodging
 + Level 16.0 Stealth


You had 6 spell levels left.
You didn't know any spells.

Dungeon Overview and Level Annotations

Branches:
Dungeon (1/1)

Altars:
Cheibriados
Dithmenos
Elyvilon
Fedhas
Gozag
Hepliaklqana
Kikubaaqudgha
Makhleb
Nemelex Xobeh
Okawaru
Qazlal
Ru
Sif Muna
Trog
Uskayaw
Vehumet
Wu Jian
Xom
Yredelemnul
Zin
The Shining One
Jiyva
Lugonu

Shops:
D (


Innate Abilities, Weirdness & Mutations

You have a beak for a mouth.
You have claws for feet.
You can fly.


Message History

You are very lightly contaminated with residual magic.
As you read the scroll of blinking, it crumbles to dust.
Found a mace.
The helpless centaur warrior fails to defend itself.
You skewer the centaur warrior like a kebab!!!
You claw the centaur warrior, but do no damage.
The centaur warrior is almost dead.
The centaur warrior hits you.
The centaur warrior shouts!
You hit the centaur warrior.
The centaur warrior is almost dead.
The centaur warrior hits you! The centaur warrior closely misses you.
The centaur warrior barely misses you. The centaur warrior hits you!
* * * LOW HITPOINT WARNING * * *
Your skin crawls.
You feel resistant to hostile enchantments.
You feel somewhat more hungry. The centaur warrior hits you!
* * * LOW HITPOINT WARNING * * *
The centaur warrior hits you!
You die...

###################
#..'..#.)'..#__#..+
').#.)'..#..'..'..#
#####'#####'#__####
####..#...#)####§§#
#__####..##.#≈§§§c#
#_____##'#_.§§§§@.+
#_.∩..÷'..._#§§§§c#
#_..__##_.#'##+####
#_____###+#:#
####### ###


You could see 2 centaur warriors.

Vanquished Creatures
  A slime creature (D)
  Sigmund (D)
  A yak (D)
  An ogre (D)
  A jelly (D)
  Ijyb (D)
6 creatures vanquished.

Notes
Turn   | Place    | Note
-------+----------+-------------------------------------------
     0 | D        | groucho the Tengu Berserker began the quest for the Orb.
     0 | D        | Reached XP level 1. HP: 14/14 MP: 2/2
     2 | D        | Noticed Ijyb
     6 | D        | Killed Ijyb
     6 | D        | Reached skill level 6 in Stealth
     6 | D        | Reached XP level 2. HP: 19/19 MP: 3/3
     6 | D        | Reached XP level 3. HP: 23/23 MP: 4/4
   178 | D        | Noticed an ogre
   180 | D        | Killed an ogre
   180 | D        | Reached skill level 10 in Stealth
   180 | D        | Reached XP level 4. HP: 28/28 MP: 5/5
   183 | D        | Noticed Sigmund
   185 | D        | Killed Sigmund
   185 | D        | Reached ** piety under Trog
   185 | D        | Reached skill level 13 in Stealth
   185 | D        | Gained mutation: You can fly. [Tengu growth]
   185 | D        | Reached XP level 5. HP: 32/32 MP: 6/6
   185 | D        | Reached XP level 6. HP: 37/37 MP: 7/7
   210 | D        | Found a deep blue altar of Sif Muna.
   211 | D        | Found an ornate altar of the Wu Jian Council.
   212 | D        | Found a radiant altar of Vehumet.
   249 | D        | Found Xeulix's Antique Weapon Emporium.
   249 | D        | Found an ancient bone altar of Kikubaaqudgha.
   249 | D        | Found a hazy altar of Hepliaklqana.
   249 | D        | Found a stormy altar of Qazlal.
   249 | D        | Found a hide-covered altar of Uskayaw.
   249 | D        | Found a blossoming altar of Fedhas.
   249 | D        | Found a bloodstained altar of Trog.
   249 | D        | Found an iron altar of Okawaru.
   249 | D        | Found a basalt altar of Yredelemnul.
   249 | D        | Found a glowing golden altar of the Shining One.
   249 | D        | Found a snail-covered altar of Cheibriados.
   249 | D        | Found a sacrificial altar of Ru.
   249 | D        | Found a glowing silver altar of Zin.
   249 | D        | Found a shadowy altar of Dithmenos.
   249 | D        | Found a white marble altar of Elyvilon.
   249 | D        | Noticed a yak
   250 | D        | Found an opulent altar of Gozag.
   251 | D        | Killed a yak
   251 | D        | Reached skill level 14 in Stealth
   251 | D        | Reached XP level 7. HP: 41/41 MP: 8/8
   252 | D        | Found a sparkling altar of Nemelex Xobeh.
   270 | D        | Found a burning altar of Makhleb.
   270 | D        | Found a shimmering altar of Xom.
   270 | D        | Noticed a slime creature
   271 | D        | Found a viscous altar of Jiyva.
   271 | D        | Found a corrupted altar of Lugonu.
   277 | D        | Killed a slime creature
   277 | D        | Reached skill level 16 in Stealth
   460 | D        | Noticed a centaur warrior
   463 | D        | Noticed a centaur warrior
   466 | D        | HP: 1/41 [centaur warrior (10)]
   466 | D        | Mangled by a centaur warrior

Skill      XL: |  1  2  3  4  5  6  7 |
---------------+----------------------+-----
Stealth        | 6 10 13 14 16 | 16.0
Fighting       | |  3.0
Short Blades   | |  3.2
Armour         | |  2.1
Dodging        | |  2.1

Action                   |  1- 3 |  4- 6 |  7- 9 || total
-------------------------+-------+-------+-------++-------
Melee: Short sword       |     4 |     3 |     6 ||    13
       Kick              |     2 |       |     4 ||     6
       Peck              |     2 |       |     1 ||     3
Invok: Berserk           |     1 |       |     1 ||     2
       Trog's Hand       |       |       |     2 ||     2
  Use: Scroll            |       |       |     1 ||     1
 Stab: Sleeping          |     1 |     3 |     1 ||     5
  Eat: Ration            |       |       |     1 ||     1
Dodge: Dodged            |     1 |       |     3 ||     4
